Diables vs Demolitions
Created - November 23, 2018 at 07:22
Goals
|
| Diables |
0 |
0 |
7 |
7 |
| Demolitions |
2 |
2 |
2 |
6 |
|
Shots
|
| Diables |
5 |
8 |
25 |
38 |
| Demolitions |
15 |
11 |
8 |
34 |
|
1st period
1. Demolitions , Garnet Hathaway 11 (Cameron Schilling 8, Andrej Nestrasil 4) at 4:28
2. Demolitions , Spencer Machacek 7 (Corban Knight 10) at 18:55 (PP)
Penalties :
Spencer Machacek (Vic) for Hooking (Minor) at 5:26, Carl Gunnarsson (Alm) for Roughing (Minor) at 11:53, Craig Smith (Alm) for Goalie Interference (Minor) at 18:51
2nd period
3. Demolitions , Lane MacDermid 4 (Garnet Hathaway 18, Dmitri Orlov 5) at 1:01
4. Demolitions , Spencer Machacek 8 (Erik Cole 12, Corban Knight 11) at 18:55 (PP)
Penalties :
Lane MacDermid (Vic) for High sticking (Minor) at 6:08, Brian Dumoulin (Alm) for Holding Stick (Minor) at 8:30, Daniel Zaar (Alm) for Holding Stick (Minor) at 13:58, Jamie Oleksiak (Alm) for Hooking (Minor) at 18:46
3rd period
5. Diables , Tim Schaller 6 (Taylor Beck 9, Jordan Caron 9) at 0:39
6. Demolitions , Erik Cole 10 (Spencer Machacek 3, Corban Knight 12) at 1:28 (PP)
7. Diables , Brian Dumoulin 3 (Mikko Lehtonen 5) at 5:00
8. Diables , Tim Schaller 7 (Craig Smith 14, Carl Gunnarsson 10) at 8:08
9. Diables , Tim Schaller 8 (Taylor Beck 10) at 11:39
10. Diables , Carl Gunnarsson 3 (Craig Smith 15, Nick Bjugstad 16) at 11:53
11. Diables , Mikko Lehtonen 10 (Tim Schaller 18, Nick Bjugstad 17) at 14:28 (SH)
12. Demolitions , Billy Sweat 5 (Phil McRae 4, Dmitri Orlov 6) at 17:39
13. Diables , Nick Bjugstad 9 (Craig Smith 16) at 19:05 (PP)
Penalties :
Brian Dumoulin (Alm) for Hooking (Minor) at 1:20, Erik Cole (Vic) for Holding (Minor) at 7:36, Artturi Lehkonen (Alm) for Tripping (Minor) at 7:58, Carl Gunnarsson (Alm) for Hooking (Minor) at 9:06, Taylor Beck (Alm) for Holding (Minor) at 12:45, Aaron Palushaj (Vic) for Roughing (Minor) at 15:26, Garnet Hathaway (Vic) for Kneeing (Major) at 19:02
Goalie Stats
Malcolm Subban (Alm), 28 saves from 34 shots - (0.824), W, 9-3-1, 60:00 minutes
Connor Hellebyuk (Vic), 31 saves from 38 shots - (0.816), L, 6-2-1, 60:00 minutes
Players Stats for Diables
Player Name G A P +/- PIM S H SB GA TA FO MP PP MP PK MP
------------------------------------------------------------------------------------
Artturi Lehkonen 0 0 0 0 2 2 0 0 0 0 0/0 10:13 3:42 0:09
Brandon Burlon 0 0 0 3 0 2 1 2 1 0 0/0 29:15 4:51 5:57
Brian Dumoulin 1 0 1 2 4 2 0 1 0 1 0/0 18:28 2:25 3:06
Carl Gunnarsson 1 1 2 3 4 4 0 1 1 1 0/0 26:34 4:51 3:41
Chris Bigras 0 0 0 1 0 0 0 0 0 0 0/0 4:34 0:00 0:00
Christian Thomas 0 0 0 0 0 0 0 1 0 0 0/1 9:49 0:00 0:16
Craig Smith 0 3 3 1 2 8 1 0 2 1 0/1 23:34 3:46 5:14
Daniel Zaar 0 0 0 0 2 0 0 0 0 0 0/0 7:02 0:12 0:00
Elias Lindholm 0 0 0 0 0 0 1 0 0 0 0/1 6:19 0:00 0:00
Jamie Oleksiak 0 0 0 -3 2 1 0 2 0 0 0/0 10:53 0:00 3:05
Jeff Petry 0 0 0 2 0 1 3 2 0 0 0/0 18:48 2:25 4:00
Jordan Caron 0 1 1 2 0 1 3 1 1 1 0/0 14:35 3:24 0:00
Keith Seabrook 0 0 0 1 0 0 0 0 0 0 0/0 5:17 0:00 0:43
Louis Leblanc 0 0 0 -1 0 2 1 0 0 0 3/5 10:28 0:00 0:15
Michal Repik 0 0 0 0 0 1 1 0 0 0 5/10 18:24 0:03 5:26
Mikko Lehtonen 1 1 2 0 0 1 0 0 0 0 0/0 12:12 0:03 2:07
Nick Bjugstad 1 2 3 0 0 5 0 1 1 0 12/27 18:57 3:49 2:35
Pavel Valentenko 0 0 0 -3 0 0 1 0 0 0 0/0 7:04 0:00 0:00
Taylor Beck 0 2 2 2 2 2 2 0 1 0 0/0 16:31 3:24 1:04
Tim Schaller 3 1 4 3 0 6 1 1 1 0 7/14 18:39 3:24 2:35
Players Stats for Demolitions
Player Name G A P +/- PIM S H SB GA TA FO MP PP MP PK MP
------------------------------------------------------------------------------------
Aaron Palushaj 0 0 0 1 2 1 1 0 1 0 0/0 9:05 0:00 0:00
Andrej Nestrasil 0 1 1 -1 0 0 2 0 0 1 7/9 16:55 4:10 0:00
Billy Sweat 1 0 1 1 0 4 1 0 0 1 0/0 10:47 0:25 0:26
Brandon McMillan 0 0 0 -1 0 0 0 2 0 0 1/1 8:55 0:05 3:01
Cameron Schilling 0 1 1 -2 0 3 2 1 0 0 0/0 27:09 5:29 4:31
Colton Sceviour 0 0 0 -1 0 0 0 0 0 0 2/5 2:35 0:30 0:00
Corban Knight 0 3 3 -1 0 3 0 0 0 1 16/27 19:05 5:12 0:48
Dmitri Orlov 0 2 2 0 0 0 0 0 0 1 0/0 20:56 4:18 2:45
Erik Cole 1 1 2 -1 2 2 3 0 0 1 2/6 22:07 5:17 3:42
Garnet Hathaway 1 1 2 -1 5 6 3 0 0 1 1/1 18:18 4:10 1:24
Joel Vermin 0 0 0 -1 0 0 1 0 0 0 0/0 6:44 0:20 0:00
Justin Falk 0 0 0 -3 0 2 1 4 1 0 0/0 29:43 5:29 4:31
Lane MacDermid 1 0 1 -1 2 4 0 0 1 0 1/1 18:59 4:10 2:05
Nick Pryor 0 0 0 -1 0 0 0 0 0 0 0/0 2:34 0:00 0:00
Nick Shore 0 0 0 -1 0 1 0 0 0 0 0/2 5:43 0:00 0:00
Phil McRae 0 1 1 1 0 0 1 0 0 1 2/7 9:02 0:00 0:00
Robert Bortuzzo 0 0 0 0 0 2 2 0 0 0 0/0 10:02 0:01 0:00
Seth Helgeson 0 0 0 0 0 1 2 2 0 1 0/0 20:15 4:17 2:45
Spencer Machacek 2 1 3 -2 2 4 1 1 1 0 0/0 22:47 5:02 3:06
Taylor Aronson 0 0 0 0 0 1 0 0 0 0 0/0 9:21 0:00 0:00
3 Stars
1 - Tim Schaller (Alm)
2 - Nick Bjugstad (Alm)
3 - Spencer Machacek (Vic)
Power Play
Diables - 1 on 6 Attempt(s) - 16.67%
Demolitions - 3 on 9 Attempt(s) - 33.33%
Penalty Kill
Diables - 6 on 9 Attempt(s) - 66.67%
- Score 1 goal in Penalty Kill
Demolitions - 5 on 6 Attempt(s) - 83.33%
- Score 0 goal in Penalty Kill
Team Stat
Diables - Hits : 15 - Faceoff Wins : 27 - Blocked Shots : 12 - Penalty Minutes : 18
Demolitions - Hits : 20 - Faceoff Wins : 32 - Blocked Shots : 10 - Penalty Minutes : 13
Official
Referees : Unknown
Linesman : Unknown
Game Notes
4:28 of 1st period - Demolitions goal is going for a video replay. After video review, Goal.
Tim Schaller has scored a Hat Trick!
Finance
Level 1 -- Attendance: 1499 (74.95%) -- Ticket Income $38,974
Level 2 -- Attendance: 804 (80.40%) -- Ticket Income $7,236
Total Attendance: 2303 (76.77%)
Total Ticket Income: $46,210
Other Income: $2,310
Total Income: $48,520
Diables
5 vs 5 Forward
Center Left Wing Right Wing Time % Phy DF OF
1 Nick Bjugstad Michal Repik Craig Smith 40 1 2 2
2 Tim Schaller Taylor Beck Jordan Caron 30 1 2 2
3 Louis Leblanc Christian Thomas Mikko Lehtonen 20 1 2 2
4 Elias Lindholm Artturi Lehkonen Daniel Zaar 10 1 2 2
5 vs 5 Defense
Defense Defense Time % Phy DF OF
1 Carl Gunnarsson Brandon Burlon 40 1 2 2
2 Brian Dumoulin Jeff Petry 30 1 2 2
3 Pavel Valentenko Jamie Oleksiak 20 1 2 2
4 Keith Seabrook Chris Bigras 10 1 2 2
PowerPlay Forward
Center Left Wing Right Wing Time % Phy DF OF
1 Nick Bjugstad Artturi Lehkonen Craig Smith 60 1 2 2
2 Tim Schaller Taylor Beck Jordan Caron 40 1 2 2
PowerPlay Defense
Defense Defense Time % Phy DF OF
1 Carl Gunnarsson Brandon Burlon 60 1 2 2
2 Brian Dumoulin Jeff Petry 40 1 2 2
Penalty Kill 4 Players Forward
Center Wing Time % Phy DF OF
1 Michal Repik Craig Smith 60 1 2 2
2 Nick Bjugstad Tim Schaller 40 1 2 2
Penalty Kill 4 Players Defense
Defense Defense Time % Phy DF OF
1 Carl Gunnarsson Brandon Burlon 60 1 2 2
2 Brian Dumoulin Jeff Petry 40 1 2 2
Penalty Kill - 3 Players Forward
Forward Time % Phy DF OF
1 Michal Repik 60 1 2 2
2 Craig Smith 40 1 2 2
Penalty Kill - 3 Players Defense
Defense Defense Time % Phy DF OF
1 Carl Gunnarsson Brandon Burlon 60 1 2 2
2 Brian Dumoulin Jeff Petry 40 1 2 2
4 vs 4 Forward
Center Wing Time % Phy DF OF
1 Tim Schaller Craig Smith 60 1 2 2
2 Nick Bjugstad Michal Repik 40 1 2 2
4 vs 4 Defense
Defense Defense Time % Phy DF OF
1 Carl Gunnarsson Brandon Burlon 60 1 2 2
2 Brian Dumoulin Jeff Petry 40 1 2 2
Last Minutes Offensive
Center Left Wing Right Wing Defense Defense
Nick Bjugstad Taylor Beck Craig Smith Carl Gunnarsson Brandon Burlon
Last Minutes Defensive
Center Left Wing Right Wing Defense Defense
Nick Bjugstad Taylor Beck Craig Smith Carl Gunnarsson Brandon Burlon
Goaltenders
Starting : Malcolm Subban
Backup : Garret Sparks
Extra Forwards
Normal : Daniel Zaar, Mikko Lehtonen, Artturi Lehkonen - PP : Daniel Zaar, Mikko Lehtonen - PK : Mikko Lehtonen
Extra Defensemen
Normal : Pavel Valentenko, Jamie Oleksiak, Keith Seabrook - PP : Pavel Valentenko - PK : Jamie Oleksiak, Keith Seabrook
Penalty Shots
Daniel Zaar, Craig Smith, Nick Bjugstad, Tim Schaller, Jordan Caron
Scratches
Brandon Prust (Sprained Left Ankle Injury), Stephen Harper (Healthy), Emil Djuse (Healthy), Gemel Smith (Healthy), Matt Lindblad (Healthy)
Cole Cassels (Healthy), Jeremy Gregoire (Healthy), Scott Harrington (Healthy), Mark Fraser (Fractured Left Foot Injury), Connor Hurley (Healthy)
Gustav Olofsson (Healthy), Andreas Johnsson (Healthy), Brett Ritchie (Healthy), Andrew O'Brien (Healthy), Marc-André Bourdon (Healthy)
Linus Ullmark (Healthy), Jack Campbell (Healthy)
Demolitions
5 vs 5 Forward
Center Left Wing Right Wing Time % Phy DF OF
1 Corban Knight Erik Cole Spencer Machacek 40 1 2 2
2 Andrej Nestrasil Lane MacDermid Garnet Hathaway 30 1 2 2
3 Phil McRae Billy Sweat Aaron Palushaj 20 1 2 2
4 Nick Shore Brandon McMillan Joel Vermin 10 1 2 2
5 vs 5 Defense
Defense Defense Time % Phy DF OF
1 Justin Falk Cameron Schilling 40 1 2 2
2 Seth Helgeson Dmitri Orlov 30 1 2 2
3 Robert Bortuzzo Taylor Aronson 20 1 2 2
4 Nick Pryor Justin Falk 10 1 2 2
PowerPlay Forward
Center Left Wing Right Wing Time % Phy DF OF
1 Corban Knight Erik Cole Spencer Machacek 60 1 2 2
2 Andrej Nestrasil Lane MacDermid Garnet Hathaway 40 1 2 2
PowerPlay Defense
Defense Defense Time % Phy DF OF
1 Justin Falk Cameron Schilling 60 1 2 2
2 Seth Helgeson Dmitri Orlov 40 1 2 2
Penalty Kill 4 Players Forward
Center Wing Time % Phy DF OF
1 Erik Cole Spencer Machacek 60 1 2 2
2 Garnet Hathaway Lane MacDermid 40 1 2 2
Penalty Kill 4 Players Defense
Defense Defense Time % Phy DF OF
1 Justin Falk Cameron Schilling 60 1 2 2
2 Seth Helgeson Dmitri Orlov 40 1 2 2
Penalty Kill - 3 Players Forward
Forward Time % Phy DF OF
1 Erik Cole 60 1 2 2
2 Spencer Machacek 40 1 2 2
Penalty Kill - 3 Players Defense
Defense Defense Time % Phy DF OF
1 Justin Falk Cameron Schilling 60 1 2 2
2 Seth Helgeson Dmitri Orlov 40 1 2 2
4 vs 4 Forward
Center Wing Time % Phy DF OF
1 Erik Cole Spencer Machacek 60 1 2 2
2 Garnet Hathaway Lane MacDermid 40 1 2 2
4 vs 4 Defense
Defense Defense Time % Phy DF OF
1 Justin Falk Cameron Schilling 60 1 2 2
2 Seth Helgeson Dmitri Orlov 40 1 2 2
Last Minutes Offensive
Center Left Wing Right Wing Defense Defense
Corban Knight Erik Cole Spencer Machacek Justin Falk Cameron Schilling
Last Minutes Defensive
Center Left Wing Right Wing Defense Defense
Corban Knight Erik Cole Spencer Machacek Justin Falk Cameron Schilling
Goaltenders
Starting : Connor Hellebyuk
Backup : Jake Paterson
Extra Forwards
Normal : Colton Sceviour, Billy Sweat, Brandon McMillan - PP : Colton Sceviour, Billy Sweat - PK : Brandon McMillan
Extra Defensemen
Normal : Robert Bortuzzo, Taylor Aronson, Nick Pryor - PP : Robert Bortuzzo - PK : Taylor Aronson, Nick Pryor
Penalty Shots
Erik Cole, Spencer Machacek, Garnet Hathaway, Lane MacDermid, Corban Knight
Scratches
Alex Hutchings (Healthy), Ryan Olsen (Healthy), Thomas DiPauli (Healthy), JC Lipon (Healthy), Derek Forbort (Healthy)
Taylor Leier (Healthy)
% Time on Ice - Diables
Lines # - Real PCT - Wanted PCT - Time Play
Normal Forward
1 - 34% - 40% - 13:56
2 - 28% - 30% - 11:32
3 - 23% - 20% - 9:33
4 - 15% - 10% - 6:19
Normal Defense
1 - 42% - 40% - 17:19
2 - 30% - 30% - 12:23
3 - 17% - 20% - 7:04
4 - 11% - 10% - 4:34
PP Forward
1 - 53% - 60% - 3:52
2 - 47% - 40% - 3:24
PP Defense
1 - 67% - 60% - 4:51
2 - 33% - 40% - 2:25
PK Forward
1 - 73% - 60% - 6:50
2 - 27% - 40% - 2:35
PK Defense
1 - 62% - 60% - 5:48
2 - 38% - 40% - 3:37
PK3 Forward
1 - 88% - 60% - 0:45
2 - 12% - 40% - 0:06
PK3 Defense
1 - 55% - 60% - 0:28
2 - 45% - 40% - 0:23
44 Forward
1 - 100% - 60% - 1:08
2 - 0% - 40% - 0:00
44 Defense
1 - 100% - 60% - 1:08
2 - 0% - 40% - 0:00
Last Minute Offensive - 0:00
Last Minute Defensive - 0:00
Total
Forward - 60:00
Defense - 60:00
|
% Time on Ice - Demolitions
Lines # - Real PCT - Wanted PCT - Time Play
Normal Forward
1 - 32% - 40% - 13:10
2 - 32% - 30% - 13:25
3 - 22% - 20% - 9:02
4 - 14% - 10% - 5:43
Normal Defense
1 - 39% - 40% - 16:12
2 - 32% - 30% - 13:13
3 - 23% - 20% - 9:21
4 - 6% - 10% - 2:34
PP Forward
1 - 57% - 60% - 5:36
2 - 43% - 40% - 4:11
PP Defense
1 - 56% - 60% - 5:30
2 - 44% - 40% - 4:17
PK Forward
1 - 76% - 60% - 5:31
2 - 24% - 40% - 1:45
PK Defense
1 - 62% - 60% - 4:31
2 - 38% - 40% - 2:45
PK3 Forward
1 - 0% - 60%
2 - 0% - 40%
PK3 Defense
1 - 0% - 60%
2 - 0% - 40%
44 Forward
1 - 100% - 60% - 1:37
2 - 0% - 40% - 0:00
44 Defense
1 - 100% - 60% - 1:37
2 - 0% - 40% - 0:00
Last Minute Offensive - 0:00
Last Minute Defensive - 0:00
Total
Forward - 60:00
Defense - 60:00
|
Play by Play
1st period
0:01 of 1st period - Nick Bjugstad wins face-off versus Corban Knight in neutral zone.
1:49 of 1st period - Garnet Hathaway is hit by Craig Smith and loses puck.
3:29 of 1st period - Jeff Petry is hit by Aaron Palushaj and loses puck.
4:20 of 1st period - Backhand shot by Erik Cole.
4:20 of 1st period - Deflect By Corban Knight.
4:20 of 1st period - Shot Misses the Net.
4:20 of 1st period - Puck is out of play.
4:21 of 1st period - Andrej Nestrasil wins face-off versus Nick Bjugstad in Diables zone.
4:24 of 1st period - Backhand shot by Andrej Nestrasil.
4:24 of 1st period - Shot Misses the Net.
4:26 of 1st period - Snap shot by Cameron Schilling.
4:26 of 1st period - Stopped by Malcolm Subban with a rebound.
4:28 of 1st period - Slapshot by Garnet Hathaway.
4:28 of 1st period - Demolitions goal is going for a video replay.
4:28 of 1st period - The goal is good.
4:28 of 1st period - Goal by Garnet Hathaway - Diables : 0 - Demolitions : 1.
4:29 of 1st period - Corban Knight wins face-off versus Nick Bjugstad in neutral zone.
4:42 of 1st period - Snap shot by Craig Smith.
4:42 of 1st period - Stopped by Connor Hellebyuk with a rebound.
4:44 of 1st period - Slapshot by Craig Smith.
4:44 of 1st period - Stopped by Connor Hellebyuk without a rebound.
4:45 of 1st period - Andrej Nestrasil wins face-off versus Tim Schaller in Demolitions zone.
5:26 of 1st period - Minor Penalty to Spencer Machacek for Hooking.
5:27 of 1st period - Nick Bjugstad wins face-off versus Erik Cole in Demolitions zone.
7:09 of 1st period - Carl Gunnarsson is hit by Erik Cole and loses puck.
7:26 of 1st period - Penalty to Spencer Machacek is over, Spencer Machacek is back on ice.
7:32 of 1st period - Slapshot by Justin Falk.
7:32 of 1st period - Stopped by Malcolm Subban with a rebound.
7:34 of 1st period - Snap shot by Justin Falk.
7:34 of 1st period - Shot Misses the Net.
7:36 of 1st period - Backhand shot by Phil McRae.
7:36 of 1st period - Deflect By Aaron Palushaj.
7:36 of 1st period - Stopped by Malcolm Subban without a rebound.
7:37 of 1st period - Louis Leblanc wins face-off versus Phil McRae in Diables zone.
8:03 of 1st period - Seth Helgeson is hit by Pavel Valentenko and loses puck.
8:08 of 1st period - Slapshot by Craig Smith.
8:08 of 1st period - Shot Misses the Net.
9:02 of 1st period - Carl Gunnarsson is hit by Robert Bortuzzo and loses puck.
9:11 of 1st period - Slapshot by Lane MacDermid.
9:11 of 1st period - Stopped by Malcolm Subban without a rebound.
9:12 of 1st period - Nick Bjugstad wins face-off versus Corban Knight in Diables zone.
10:02 of 1st period - Snap shot by Mikko Lehtonen.
10:02 of 1st period - Shot Misses the Net.
10:04 of 1st period - Slapshot by Mikko Lehtonen.
10:04 of 1st period - Shot Misses the Net.
10:06 of 1st period - Slapshot by Jamie Oleksiak.
10:06 of 1st period - Stopped by Connor Hellebyuk with a rebound.
11:02 of 1st period - Wrist shot by Garnet Hathaway.
11:02 of 1st period - Stopped by Malcolm Subban without a rebound.
11:03 of 1st period - Tim Schaller wins face-off versus Andrej Nestrasil in Diables zone.
11:18 of 1st period - Slapshot by Garnet Hathaway.
11:18 of 1st period - Shot Misses the Net.
11:20 of 1st period - Wrist shot by Lane MacDermid.
11:20 of 1st period - Stopped by Malcolm Subban with a rebound.
11:24 of 1st period - Snap shot by Garnet Hathaway.
11:24 of 1st period - Stopped by Malcolm Subban with a rebound.
11:26 of 1st period - Slapshot by Cameron Schilling.
11:26 of 1st period - Stopped by Malcolm Subban with a rebound.
11:28 of 1st period - Slapshot by Robert Bortuzzo.
11:28 of 1st period - Shot Blocked by Brandon Burlon.
11:30 of 1st period - Wrist shot by Lane MacDermid.
11:30 of 1st period - Stopped by Malcolm Subban with a rebound.
11:32 of 1st period - Slapshot by Taylor Aronson.
11:32 of 1st period - Stopped by Malcolm Subban with a rebound.
11:38 of 1st period - Snap shot by Garnet Hathaway.
11:38 of 1st period - Stopped by Malcolm Subban with a rebound.
11:40 of 1st period - Snap shot by Lane MacDermid.
11:40 of 1st period - Shot Misses the Net.
11:42 of 1st period - Slapshot by Taylor Aronson.
11:42 of 1st period - Shot Blocked by Jordan Caron.
11:53 of 1st period - Minor Penalty to Carl Gunnarsson for Roughing.
11:54 of 1st period - Michal Repik wins face-off versus Corban Knight in Diables zone.
13:32 of 1st period - Michal Repik is hit by Joel Vermin.
13:53 of 1st period - Penalty to Carl Gunnarsson is over, Carl Gunnarsson is back on ice.
15:23 of 1st period - Icing by Billy Sweat.
15:24 of 1st period - Phil McRae wins face-off versus Elias Lindholm in Demolitions zone.
15:33 of 1st period - Wrist shot by Artturi Lehkonen.
15:33 of 1st period - Shot Blocked by Seth Helgeson.
16:41 of 1st period - Slapshot by Justin Falk.
16:41 of 1st period - Stopped by Malcolm Subban with a rebound.
16:57 of 1st period - Slapshot by Artturi Lehkonen.
16:57 of 1st period - Stopped by Connor Hellebyuk with a rebound.
16:59 of 1st period - Snap shot by Daniel Zaar.
16:59 of 1st period - Deflect By Artturi Lehkonen.
16:59 of 1st period - Stopped by Connor Hellebyuk without a rebound.
17:00 of 1st period - Corban Knight wins face-off versus Nick Bjugstad in Demolitions zone.
17:27 of 1st period - Tim Schaller is hit by Garnet Hathaway and loses puck.
18:34 of 1st period - Off-side.
18:35 of 1st period - Andrej Nestrasil wins face-off versus Nick Bjugstad in neutral zone.
18:38 of 1st period - Slapshot by Garnet Hathaway.
18:38 of 1st period - Stopped by Malcolm Subban without a rebound.
18:39 of 1st period - Lane MacDermid wins face-off versus Nick Bjugstad in Diables zone.
18:51 of 1st period - Minor Penalty to Craig Smith for Goalie Interference.
18:52 of 1st period - Corban Knight wins face-off versus Michal Repik in Diables zone.
18:55 of 1st period - Snap shot by Spencer Machacek.
18:55 of 1st period - Goal by Spencer Machacek - Diables : 0 - Demolitions : 2.
18:56 of 1st period - Michal Repik wins face-off versus Corban Knight in neutral zone.
19:42 of 1st period - Icing by Brandon Burlon.
19:43 of 1st period - Louis Leblanc wins face-off versus Phil McRae in Diables zone.
19:50 of 1st period - Wrist shot by Mikko Lehtonen.
19:50 of 1st period - Shot Misses the Net.
19:56 of 1st period - Wrist shot by Mikko Lehtonen.
19:56 of 1st period - Shot Blocked by Cameron Schilling.
Goals for this period are 0 for Diables vs 2 for Demolitions.
Shots for this period are 5 for Diables vs 15 for Demolitions.
2nd period
0:01 of 2nd period - Corban Knight wins face-off versus Nick Bjugstad in neutral zone.
0:39 of 2nd period - Icing by Seth Helgeson.
0:40 of 2nd period - Andrej Nestrasil wins face-off versus Louis Leblanc in Demolitions zone.
0:53 of 2nd period - Snap shot by Garnet Hathaway.
0:53 of 2nd period - Shot Blocked by Jamie Oleksiak.
0:55 of 2nd period - Slapshot by Dmitri Orlov.
0:55 of 2nd period - Shot Blocked by Jamie Oleksiak.
0:57 of 2nd period - Wrist shot by Garnet Hathaway.
0:57 of 2nd period - Shot Misses the Net.
0:59 of 2nd period - Snap shot by Garnet Hathaway.
0:59 of 2nd period - Shot Misses the Net.
1:01 of 2nd period - Snap shot by Lane MacDermid.
1:01 of 2nd period - Goal by Lane MacDermid - Diables : 0 - Demolitions : 3.
1:02 of 2nd period - Corban Knight wins face-off versus Nick Bjugstad in neutral zone.
1:13 of 2nd period - Slapshot by Corban Knight.
1:13 of 2nd period - Stopped by Malcolm Subban with a rebound.
1:59 of 2nd period - Slapshot by Cameron Schilling.
1:59 of 2nd period - Stopped by Malcolm Subban without a rebound.
2:00 of 2nd period - Nick Bjugstad wins face-off versus Phil McRae in Diables zone.
2:07 of 2nd period - Snap shot by Craig Smith.
2:07 of 2nd period - Stopped by Connor Hellebyuk with a rebound.
2:38 of 2nd period - Taylor Beck is hit by Erik Cole and loses puck.
3:12 of 2nd period - Justin Falk is hit by Michal Repik and loses puck.
3:17 of 2nd period - Wrist shot by Nick Bjugstad.
3:17 of 2nd period - Shot Misses the Net.
3:19 of 2nd period - Slapshot by Brandon Burlon.
3:19 of 2nd period - Deflect By Brandon McMillan.
3:19 of 2nd period - Stopped by Connor Hellebyuk without a rebound.
3:20 of 2nd period - Nick Bjugstad wins face-off versus Corban Knight in Demolitions zone.
4:08 of 2nd period - Billy Sweat is hit by Jeff Petry and loses puck.
6:08 of 2nd period - Minor Penalty to Lane MacDermid for High sticking.
6:09 of 2nd period - Erik Cole wins face-off versus Nick Bjugstad in Demolitions zone.
6:37 of 2nd period - Off-side.
6:38 of 2nd period - Garnet Hathaway wins face-off versus Tim Schaller in neutral zone.
7:14 of 2nd period - Wrist shot by Brandon Burlon.
7:14 of 2nd period - Deflect By Jordan Caron.
7:14 of 2nd period - Stopped by Connor Hellebyuk with a rebound.
7:34 of 2nd period - Wrist shot by Craig Smith.
7:34 of 2nd period - Shot Misses the Net.
7:36 of 2nd period - Wrist shot by Nick Bjugstad.
7:36 of 2nd period - Shot Misses the Net.
7:38 of 2nd period - Backhand shot by Brandon Burlon.
7:38 of 2nd period - Shot Misses the Net.
7:40 of 2nd period - Snap shot by Craig Smith.
7:40 of 2nd period - Shot Blocked by Justin Falk.
8:08 of 2nd period - Penalty to Lane MacDermid is over, Lane MacDermid is back on ice.
8:30 of 2nd period - Minor Penalty to Brian Dumoulin for Holding Stick.
8:31 of 2nd period - Corban Knight wins face-off versus Craig Smith in Diables zone.
8:38 of 2nd period - Slapshot by Spencer Machacek.
8:38 of 2nd period - Shot Misses the Net.
10:30 of 2nd period - Penalty to Brian Dumoulin is over, Brian Dumoulin is back on ice.
10:32 of 2nd period - Jamie Oleksiak is hit by Billy Sweat and loses puck.
10:41 of 2nd period - Wrist shot by Brian Dumoulin.
10:41 of 2nd period - Shot Misses the Net.
10:43 of 2nd period - Snap shot by Louis Leblanc.
10:43 of 2nd period - Stopped by Connor Hellebyuk with a rebound.
10:55 of 2nd period - Snap shot by Brian Dumoulin.
10:55 of 2nd period - Stopped by Connor Hellebyuk with a rebound.
11:01 of 2nd period - Slapshot by Billy Sweat.
11:01 of 2nd period - Shot Misses the Net.
11:03 of 2nd period - Snap shot by Billy Sweat.
11:03 of 2nd period - Stopped by Malcolm Subban with a rebound.
11:05 of 2nd period - Snap shot by Billy Sweat.
11:05 of 2nd period - Stopped by Malcolm Subban with a rebound.
11:07 of 2nd period - Slapshot by Robert Bortuzzo.
11:07 of 2nd period - Stopped by Malcolm Subban with a rebound.
11:09 of 2nd period - Snap shot by Robert Bortuzzo.
11:09 of 2nd period - Stopped by Malcolm Subban without a rebound.
11:10 of 2nd period - Tim Schaller wins face-off versus Andrej Nestrasil in Diables zone.
11:15 of 2nd period - Slapshot by Jordan Caron.
11:15 of 2nd period - Deflect By Tim Schaller.
11:15 of 2nd period - Stopped by Connor Hellebyuk without a rebound.
11:16 of 2nd period - Andrej Nestrasil wins face-off versus Tim Schaller in Demolitions zone.
12:04 of 2nd period - Justin Falk is hit by Jeff Petry and loses puck.
12:15 of 2nd period - Louis Leblanc is hit by Phil McRae and loses puck.
12:28 of 2nd period - Nick Shore is hit by Jordan Caron.
12:36 of 2nd period - Snap shot by Nick Shore.
12:36 of 2nd period - Stopped by Malcolm Subban without a rebound.
12:37 of 2nd period - Tim Schaller wins face-off versus Corban Knight in Diables zone.
12:37 of 2nd period - Tim Schaller is hit by Erik Cole.
13:14 of 2nd period - Snap shot by Nick Bjugstad.
13:14 of 2nd period - Stopped by Connor Hellebyuk with a rebound.
13:58 of 2nd period - Minor Penalty to Daniel Zaar for Holding Stick.
13:59 of 2nd period - Corban Knight wins face-off versus Michal Repik in Diables zone.
15:45 of 2nd period - Justin Falk is hit by Jeff Petry and loses puck.
15:58 of 2nd period - Penalty to Daniel Zaar is over, Daniel Zaar is back on ice.
16:06 of 2nd period - Wrist shot by Phil McRae.
16:06 of 2nd period - Shot Blocked by Jeff Petry.
16:08 of 2nd period - Slapshot by Taylor Aronson.
16:08 of 2nd period - Shot Misses the Net.
16:10 of 2nd period - Snap shot by Aaron Palushaj.
16:10 of 2nd period - Shot Blocked by Nick Bjugstad.
16:12 of 2nd period - Wrist shot by Billy Sweat.
16:12 of 2nd period - Shot Blocked by Tim Schaller.
16:14 of 2nd period - Slapshot by Taylor Aronson.
16:14 of 2nd period - Deflect By Billy Sweat.
16:14 of 2nd period - Stopped by Malcolm Subban with a rebound.
16:35 of 2nd period - Slapshot by Mikko Lehtonen.
16:35 of 2nd period - Shot Blocked by Brandon McMillan.
16:47 of 2nd period - Joel Vermin is hit by Elias Lindholm.
17:23 of 2nd period - Craig Smith is hit by Robert Bortuzzo and loses puck.
18:27 of 2nd period - Slapshot by Mikko Lehtonen.
18:27 of 2nd period - Shot Blocked by Justin Falk.
18:29 of 2nd period - Wrist shot by Mikko Lehtonen.
18:29 of 2nd period - Deflect By Christian Thomas.
18:29 of 2nd period - Shot Misses the Net.
18:29 of 2nd period - Puck is out of play.
18:30 of 2nd period - Corban Knight wins face-off versus Christian Thomas in Demolitions zone.
18:46 of 2nd period - Minor Penalty to Jamie Oleksiak for Hooking.
18:47 of 2nd period - Corban Knight wins face-off versus Michal Repik in Diables zone.
18:51 of 2nd period - Slapshot by Erik Cole.
18:51 of 2nd period - Shot Blocked by Carl Gunnarsson.
18:53 of 2nd period - Snap shot by Erik Cole.
18:53 of 2nd period - Shot Misses the Net.
18:55 of 2nd period - Wrist shot by Spencer Machacek.
18:55 of 2nd period - Goal by Spencer Machacek - Diables : 0 - Demolitions : 4.
18:56 of 2nd period - Nick Bjugstad wins face-off versus Erik Cole in neutral zone.
18:58 of 2nd period - Carl Gunnarsson is hit by Justin Falk and loses puck.
19:09 of 2nd period - Slapshot by Craig Smith.
19:09 of 2nd period - Stopped by Connor Hellebyuk with a rebound.
19:21 of 2nd period - Taylor Beck is hit by Andrej Nestrasil and loses puck.
19:34 of 2nd period - Snap shot by Garnet Hathaway.
19:34 of 2nd period - Stopped by Malcolm Subban without a rebound.
19:35 of 2nd period - Corban Knight wins face-off versus Nick Bjugstad in Diables zone.
19:40 of 2nd period - Slapshot by Corban Knight.
19:40 of 2nd period - Shot Misses the Net.
Goals for this period are 0 for Diables vs 2 for Demolitions.
Shots for this period are 8 for Diables vs 11 for Demolitions.
3rd period
0:01 of 3rd period - Nick Bjugstad wins face-off versus Corban Knight in neutral zone.
0:06 of 3rd period - Slapshot by Craig Smith.
0:06 of 3rd period - Deflect By Nick Bjugstad.
0:06 of 3rd period - Stopped by Connor Hellebyuk with a rebound.
0:08 of 3rd period - Backhand shot by Carl Gunnarsson.
0:08 of 3rd period - Stopped by Connor Hellebyuk with a rebound.
0:26 of 3rd period - Andrej Nestrasil is hit by Jordan Caron and loses puck.
0:37 of 3rd period - Snap shot by Tim Schaller.
0:37 of 3rd period - Shot Misses the Net.
0:39 of 3rd period - Snap shot by Tim Schaller.
0:39 of 3rd period - Goal by Tim Schaller - Diables : 1 - Demolitions : 4.
0:40 of 3rd period - Corban Knight wins face-off versus Nick Bjugstad in neutral zone.
0:47 of 3rd period - Snap shot by Spencer Machacek.
0:47 of 3rd period - Shot Blocked by Jeff Petry.
0:49 of 3rd period - Slapshot by Corban Knight.
0:49 of 3rd period - Stopped by Malcolm Subban with a rebound.
0:58 of 3rd period - Icing by Brian Dumoulin.
0:59 of 3rd period - Andrej Nestrasil wins face-off versus Nick Bjugstad in Diables zone.
1:20 of 3rd period - Minor Penalty to Brian Dumoulin for Hooking.
1:21 of 3rd period - Corban Knight wins face-off versus Michal Repik in Diables zone.
1:28 of 3rd period - Snap shot by Erik Cole.
1:28 of 3rd period - Goal by Erik Cole - Diables : 1 - Demolitions : 5.
1:29 of 3rd period - Corban Knight wins face-off versus Nick Bjugstad in neutral zone.
1:32 of 3rd period - Nick Bjugstad is hit by Cameron Schilling and loses puck.
1:39 of 3rd period - Snap shot by Corban Knight.
1:39 of 3rd period - Shot Misses the Net.
1:41 of 3rd period - Wrist shot by Spencer Machacek.
1:41 of 3rd period - Shot Misses the Net.
1:55 of 3rd period - Cameron Schilling is hit by Jordan Caron and loses puck.
2:43 of 3rd period - Snap shot by Nick Bjugstad.
2:43 of 3rd period - Stopped by Connor Hellebyuk with a rebound.
2:45 of 3rd period - Slapshot by Pavel Valentenko.
2:45 of 3rd period - Shot Misses the Net.
2:47 of 3rd period - Snap shot by Jamie Oleksiak.
2:47 of 3rd period - Shot Misses the Net.
2:49 of 3rd period - Wrist shot by Michal Repik.
2:49 of 3rd period - Shot Misses the Net.
3:07 of 3rd period - Snap shot by Corban Knight.
3:07 of 3rd period - Stopped by Malcolm Subban with a rebound.
3:09 of 3rd period - Slapshot by Cameron Schilling.
3:09 of 3rd period - Shot Blocked by Christian Thomas.
3:11 of 3rd period - Wrist shot by Erik Cole.
3:11 of 3rd period - Stopped by Malcolm Subban without a rebound.
3:12 of 3rd period - Nick Bjugstad wins face-off versus Phil McRae in Diables zone.
3:12 of 3rd period - Nick Bjugstad is hit by Seth Helgeson.
3:42 of 3rd period - Wrist shot by Louis Leblanc.
3:42 of 3rd period - Stopped by Connor Hellebyuk with a rebound.
3:44 of 3rd period - Wrist shot by Mikko Lehtonen.
3:44 of 3rd period - Shot Misses the Net.
3:46 of 3rd period - Snap shot by Brian Dumoulin.
3:46 of 3rd period - Shot Hit the Post.
4:00 of 3rd period - Snap shot by Phil McRae.
4:00 of 3rd period - Shot Misses the Net.
4:02 of 3rd period - Snap shot by Corban Knight.
4:02 of 3rd period - Deflect By Spencer Machacek.
4:02 of 3rd period - Stopped by Malcolm Subban with a rebound.
4:04 of 3rd period - Snap shot by Spencer Machacek.
4:04 of 3rd period - Shot Hit the Post.
4:06 of 3rd period - Snap shot by Spencer Machacek.
4:06 of 3rd period - Shot Blocked by Brian Dumoulin.
4:08 of 3rd period - Slapshot by Seth Helgeson.
4:08 of 3rd period - Stopped by Malcolm Subban without a rebound.
4:09 of 3rd period - Corban Knight wins face-off versus Nick Bjugstad in Diables zone.
5:00 of 3rd period - Slapshot by Brian Dumoulin.
5:00 of 3rd period - Goal by Brian Dumoulin - Diables : 2 - Demolitions : 5.
5:01 of 3rd period - Corban Knight wins face-off versus Nick Bjugstad in neutral zone.
5:13 of 3rd period - Snap shot by Craig Smith.
5:13 of 3rd period - Shot Blocked by Seth Helgeson.
5:15 of 3rd period - Slapshot by Carl Gunnarsson.
5:15 of 3rd period - Stopped by Connor Hellebyuk with a rebound.
5:17 of 3rd period - Slapshot by Brandon Burlon.
5:17 of 3rd period - Deflect By Nick Bjugstad.
5:17 of 3rd period - Deflect By Seth Helgeson.
5:17 of 3rd period - Stopped by Connor Hellebyuk with a rebound.
5:27 of 3rd period - Brandon Burlon is hit by Seth Helgeson and loses puck.
6:09 of 3rd period - Snap shot by Daniel Zaar.
6:09 of 3rd period - Shot Misses the Net.
6:11 of 3rd period - Slapshot by Jeff Petry.
6:11 of 3rd period - Shot Misses the Net.
6:13 of 3rd period - Snap shot by Brian Dumoulin.
6:13 of 3rd period - Shot Blocked by Brandon McMillan.
6:15 of 3rd period - Slapshot by Jeff Petry.
6:15 of 3rd period - Stopped by Connor Hellebyuk with a rebound.
6:47 of 3rd period - Lane MacDermid is hit by Taylor Beck and loses puck.
6:56 of 3rd period - Wrist shot by Tim Schaller.
6:56 of 3rd period - Stopped by Connor Hellebyuk with a rebound.
7:31 of 3rd period - Off-side.
7:32 of 3rd period - Nick Bjugstad wins face-off versus Corban Knight in neutral zone.
7:36 of 3rd period - Minor Penalty to Erik Cole for Holding.
7:37 of 3rd period - Brandon McMillan wins face-off versus Nick Bjugstad in Demolitions zone.
7:58 of 3rd period - Minor Penalty to Artturi Lehkonen for Tripping.
7:59 of 3rd period - Tim Schaller wins face-off versus Colton Sceviour in Diables zone.
8:08 of 3rd period - Snap shot by Tim Schaller.
8:08 of 3rd period - Goal by Tim Schaller - Diables : 3 - Demolitions : 5.
8:09 of 3rd period - Colton Sceviour wins face-off versus Tim Schaller in neutral zone.
8:19 of 3rd period - Snap shot by Craig Smith.
8:19 of 3rd period - Stopped by Connor Hellebyuk with a rebound.
8:21 of 3rd period - Wrist shot by Tim Schaller.
8:21 of 3rd period - Shot Blocked by Justin Falk.
8:23 of 3rd period - Snap shot by Brandon Burlon.
8:23 of 3rd period - Stopped by Connor Hellebyuk without a rebound.
8:24 of 3rd period - Tim Schaller wins face-off versus Colton Sceviour in Demolitions zone.
8:33 of 3rd period - Wrist shot by Craig Smith.
8:33 of 3rd period - Stopped by Connor Hellebyuk without a rebound.
8:34 of 3rd period - Colton Sceviour wins face-off versus Tim Schaller in Demolitions zone.
9:06 of 3rd period - Minor Penalty to Carl Gunnarsson for Hooking.
9:07 of 3rd period - Michal Repik wins face-off versus Colton Sceviour in Diables zone.
9:22 of 3rd period - Wrist shot by Brandon Burlon.
9:22 of 3rd period - Shot Blocked by Spencer Machacek.
9:36 of 3rd period - Penalty to Erik Cole is over, Erik Cole is back on ice.
9:58 of 3rd period - Penalty to Artturi Lehkonen is over, Artturi Lehkonen is back on ice.
10:01 of 3rd period - Mikko Lehtonen is hit by Andrej Nestrasil and loses puck.
10:33 of 3rd period - Brandon Burlon is hit by Garnet Hathaway and loses puck.
11:06 of 3rd period - Penalty to Carl Gunnarsson is over, Carl Gunnarsson is back on ice.
11:29 of 3rd period - Icing by Dmitri Orlov.
11:30 of 3rd period - Tim Schaller wins face-off versus Nick Shore in Demolitions zone.
11:31 of 3rd period - Wrist shot by Taylor Beck.
11:31 of 3rd period - Stopped by Connor Hellebyuk with a rebound.
11:33 of 3rd period - Snap shot by Taylor Beck.
11:33 of 3rd period - Stopped by Connor Hellebyuk without a rebound.
11:34 of 3rd period - Tim Schaller wins face-off versus Nick Shore in Demolitions zone.
11:39 of 3rd period - Wrist shot by Tim Schaller.
11:39 of 3rd period - Goal by Tim Schaller - Diables : 4 - Demolitions : 5.
11:40 of 3rd period - Nick Bjugstad wins face-off versus Corban Knight in neutral zone.
11:47 of 3rd period - Snap shot by Nick Bjugstad.
11:47 of 3rd period - Shot Misses the Net.
11:49 of 3rd period - Snap shot by Nick Bjugstad.
11:49 of 3rd period - Shot Blocked by Justin Falk.
11:51 of 3rd period - Snap shot by Craig Smith.
11:51 of 3rd period - Shot Misses the Net.
11:53 of 3rd period - Slapshot by Carl Gunnarsson.
11:53 of 3rd period - Goal by Carl Gunnarsson - Diables : 5 - Demolitions : 5.
11:54 of 3rd period - Michal Repik wins face-off versus Corban Knight in neutral zone.
12:08 of 3rd period - Snap shot by Erik Cole.
12:08 of 3rd period - Deflect By Spencer Machacek.
12:08 of 3rd period - Stopped by Malcolm Subban with a rebound.
12:22 of 3rd period - Snap shot by Tim Schaller.
12:22 of 3rd period - Stopped by Connor Hellebyuk without a rebound.
12:23 of 3rd period - Andrej Nestrasil wins face-off versus Tim Schaller in Demolitions zone.
12:23 of 3rd period - Andrej Nestrasil is hit by Taylor Beck.
12:45 of 3rd period - Minor Penalty to Taylor Beck for Holding.
12:46 of 3rd period - Corban Knight wins face-off versus Michal Repik in Diables zone.
12:47 of 3rd period - Snap shot by Spencer Machacek.
12:47 of 3rd period - Shot Blocked by Brandon Burlon.
14:16 of 3rd period - Lane MacDermid is hit by Tim Schaller.
14:26 of 3rd period - Wrist shot by Tim Schaller.
14:26 of 3rd period - Shot Misses the Net.
14:28 of 3rd period - Wrist shot by Mikko Lehtonen.
14:28 of 3rd period - Goal by Mikko Lehtonen - Diables : 6 - Demolitions : 5.
14:29 of 3rd period - Michal Repik wins face-off versus Corban Knight in neutral zone.
14:45 of 3rd period - Penalty to Taylor Beck is over, Taylor Beck is back on ice.
14:54 of 3rd period - Wrist shot by Michal Repik.
14:54 of 3rd period - Stopped by Connor Hellebyuk with a rebound.
15:04 of 3rd period - Craig Smith is hit by Cameron Schilling and loses puck.
15:13 of 3rd period - Slapshot by Carl Gunnarsson.
15:13 of 3rd period - Deflect By Craig Smith.
15:13 of 3rd period - Stopped by Connor Hellebyuk with a rebound.
15:15 of 3rd period - Slapshot by Carl Gunnarsson.
15:15 of 3rd period - Stopped by Connor Hellebyuk with a rebound.
15:17 of 3rd period - Snap shot by Craig Smith.
15:17 of 3rd period - Shot Misses the Net.
15:19 of 3rd period - Snap shot by Craig Smith.
15:19 of 3rd period - Stopped by Connor Hellebyuk without a rebound.
15:20 of 3rd period - Phil McRae wins face-off versus Louis Leblanc in Demolitions zone.
15:26 of 3rd period - Minor Penalty to Aaron Palushaj for Roughing.
15:27 of 3rd period - Erik Cole wins face-off versus Tim Schaller in Demolitions zone.
15:31 of 3rd period - Erik Cole is hit by Brandon Burlon and loses puck.
16:46 of 3rd period - Nick Bjugstad is hit by Garnet Hathaway and loses puck.
17:26 of 3rd period - Penalty to Aaron Palushaj is over, Aaron Palushaj is back on ice.
17:34 of 3rd period - Dmitri Orlov is hit by Louis Leblanc and loses puck.
17:39 of 3rd period - Snap shot by Billy Sweat.
17:39 of 3rd period - Goal by Billy Sweat - Diables : 6 - Demolitions : 6.
17:40 of 3rd period - Louis Leblanc wins face-off versus Phil McRae in neutral zone.
17:43 of 3rd period - Slapshot by Mikko Lehtonen.
17:43 of 3rd period - Shot Misses the Net.
18:42 of 3rd period - Carl Gunnarsson is hit by Spencer Machacek and loses puck.
19:02 of 3rd period - Major Penalty to Garnet Hathaway for Kneeing.
19:03 of 3rd period - Nick Bjugstad wins face-off versus Erik Cole in Demolitions zone.
19:05 of 3rd period - Snap shot by Nick Bjugstad.
19:05 of 3rd period - Goal by Nick Bjugstad - Diables : 7 - Demolitions : 6.
19:06 of 3rd period - Nick Bjugstad wins face-off versus Erik Cole in neutral zone.
Goals for this period are 7 for Diables vs 2 for Demolitions.
Shots for this period are 25 for Diables vs 8 for Demolitions.
Back to the Top